 Dungeon Crawl Stone Soup version 0.22.1-1-ga44c0e5 (webtiles) character file.

95 brandon the Magician (level 4, -1/24 HPs)
             Began as a Deep Elf Fire Elementalist on Oct 8, 2018.
             Slain by an adder (2 damage)
             ... on level 3 of the Dungeon.
             The game lasted 00:04:36 (2065 turns).

brandon the Magician (Deep Elf Fire Elementalist)   Turns: 2065, Time: 00:04:37

Health: -1/24      AC:  2    Str:  5    XL:     4   Next: 40%
Magic:  0/12       EV: 13    Int: 21    God:
Gold:   174        SH:  0    Dex: 15    Spells: 5/11 levels left

rFire    . . .     SeeInvis .   d - +0 dagger (curse)
rCold    . . .     Gourm    .   (no shield)
rNeg     . . .     Faith    .   a - +0 robe
rPois    .         Spirit   .   (no helmet)
rElec    .         Reflect  .   (no cloak)
rCorr    .         Harm     .   (no gloves)
MR       .....                  (no boots)
Stlth    ++........             (no amulet)
HPRegen  0.08/turn              (no ring)
MPRegen  0.13/turn              (no ring)

@: no status effects
A: no striking features
a: no special abilities


You were on level 3 of the Dungeon.
You were not hungry.

You visited 1 branch of the dungeon, and saw 3 of its levels.

You collected 174 gold pieces.

Inventory:

Hand Weapons
 d - a cursed +0 dagger (weapon)
 g - a +2 dagger of draining
Armour
 a - a +0 robe (worn)
Scrolls
 b - a scroll of enchant armour {unknown}
 h - 3 scrolls of magic mapping {unknown}
 q - a scroll of identify {unknown}
Potions
 e - a potion of cancellation {unknown}
 f - a potion of lignification {unknown}
 i - 2 potions of might {unknown}
 j - a potion of haste {unknown}
 k - a potion of agility {unknown}
 l - a potion of curing {unknown}
 m - a potion of berserk rage {unknown}
 n - a potion of brilliance {unknown}
 p - a potion of ambrosia {unknown}
Comestibles
 c - 7 rations
 o - 5 chunks of flesh


   Skills:
 - Level 2.4 Dodging
 - Level 2.4 Stealth
 + Level 4.1 Spellcasting
 * Level 3.4 Conjurations
 + Level 4.0 Fire Magic


You had 5 spell levels left.
You knew the following spells:

 Your Spells              Type           Power        Failure   Level  Hunger
a - Flame Tongue          Conj/Fire      ###..        2%          1    None
b - Throw Flame           Conj/Fire      ###...       3%          2    #......
c - Conjure Flame         Conj/Fire      ###.....     8%          3    ###....

Your spell library contained the following spells:

 Spells                   Type           Power        Failure   Level  Hunger
 Inner Flame              Hex/Fire       ##......     16%         3    ###....
 Sticky Flame             Conj/Fire      ###.....     26%         4    ####...
 Fireball                 Conj/Fire      ###.......   56%         5    ######.


Dungeon Overview and Level Annotations

Branches:
Dungeon (3/15)

Altars:


Message History

Confirm with . or Enter, or press ? or * to list all spells.
You don't have enough magic to cast that spell.
The adder misses you. The orc barely misses you.
Casting: Flame Tongue (safe; 2% risk of failure)
Confirm with . or Enter, or press ? or * to list all spells.
You don't have enough magic to cast that spell.
The adder bites you.
* * * LOW HITPOINT WARNING * * *
Casting: Flame Tongue (safe; 2% risk of failure)
Confirm with . or Enter, or press ? or * to list all spells.
Aiming: Flame Tongue (safe; 2% risk of failure)
Press: ? - help, Shift-Dir - straight line, f/p - adder
Aim: an adder (almost dead)
The flame tongue misses the adder.
The orc hits you.
* * * LOW HITPOINT WARNING * * *
The adder bites you but does no damage.
You hit the adder but do no damage.
The adder is almost dead.
The adder bites you.
You die...

#.........########.
#................+
#..........#######
#..........#
#..........########
#...................
#....................
#....So..............
####.@...............
#.................
##................
#..).........[...
#####............
#..............
#.##...........
#.##...........
#.#############


You could see an adder and an orc.

Vanquished Creatures
  A gnoll (D:1)
  2 adders (D:2)
  2 leopard geckos
  4 orcs (D:3)
  A ball python (D:2)
  15 giant cockroaches
  5 goblins
  6 hobgoblins
  6 kobolds
  A quokka (D:3)
  4 bats (D:1)
  3 frilled lizards
  5 rats
55 creatures vanquished.

Notes
Turn   | Place    | Note
-------+----------+-------------------------------------------
     0 | D:1      | brandon the Deep Elf Fire Elementalist began the quest for
                  | the Orb.
     0 | D:1      | Reached XP level 1. HP: 10/10 MP: 6/6
    66 | D:1      | Reached XP level 2. HP: 4/15 MP: 1/8
    70 | D:1      | Learned a level 2 spell: Throw Flame
   941 | D:1      | Reached XP level 3. HP: 19/19 MP: 5/10
   946 | D:1      | Learned a level 3 spell: Conjure Flame
  1761 | D:2      | Reached XP level 4. HP: 22/24 MP: 7/11
  2064 | D:3      | HP: 1/24 [orc (3)]
  2065 | D:3      | Slain by an adder

Skill      XL: |  1  2  3  4 |
---------------+-------------+-----
Conjurations   | 2 3 |  3.4
Spellcasting   | 4 |  4.1
Fire Magic     | 4 |  4.0
Dodging        | |  2.4
Stealth        | |  2.4

Action                   |  1- 3 |  4- 6 || total
-------------------------+-------+-------++-------
Melee: Dagger            |     2 |     5 ||     7
 Cast: Flame Tongue      |    31 |    33 ||    64
       Throw Flame       |    28 |     4 ||    32
  Eat: Chunk             |     3 |     1 ||     4
Armor: Robe              |     7 |    11 ||    18
Dodge: Dodged            |     8 |    27 ||    35
